 Dungeon Crawl Stone Soup version 0.29-a0-512-gf59ac788ac (webtiles) character file.

Game seed: 8766081864319838881

360792 Pelinal the Cardsharp (level 22, -13/162 HPs)
             Began as a Hill Orc Fighter on May 30, 2022.
             Was a High Priest of Nemelex Xobeh.
             Mangled by a rockslime (14 damage)
             ... created by the Royal Jelly
             ... on level 5 of the Pits of Slime.
             The game lasted 02:08:19 (43458 turns).

Pelinal the Cardsharp (Hill Orc Fighter)           Turns: 43458, Time: 02:08:19

Health: -13/162    AC: 34    Str: 28    XL:     22   Next: 44%
Magic:  37/37      EV: 12    Int: 12    God:    Nemelex Xobeh [*****.]
Gold:   1252       SH: 26    Dex: 28    Spells: 21/21 levels left

rFire   + . .      SeeInvis .   K - +4 broad axe (vorpal)
rCold   + . .      Faith    .   F - +2 tower shield
rNeg    + . .      Spirit   .   N - +0 crystal plate armour
rPois   +          Reflect  .   I - +1 helmet of Temperance {rElec Str-2 Dex+7}
rElec   +          Harm     .   C - scarf {rC+ rF+}
rCorr   +          Rampage  .   H - +2 pair of gloves {Dex+3}
Will    ++...                   B - +0 pair of boots
Stlth   ..........              D - amulet of regeneration
HPRegen 1.97/turn               v - ring of Zoreavaf {rPois rCorr AC+4 Dex+4}
MPRegen 0.25/turn               Y - ring "Vupymy" {rN+ Will+ Str+4 Int+4 Stlth-}

@: engulfed (cannot breathe), corroded, studying Ice Magic
A: hooves 1, frail 2, regeneration 1
}: 2/15 runes: serpentine, barnacled
a: Renounce Religion, Draw Escape, Draw Destruction, Draw Summoning, Triple
Draw, Deal Four, Stack Five


You were on level 5 of the Pits of Slime.
You worshipped Nemelex Xobeh.
Nemelex Xobeh was extremely pleased with you.
You visited 8 branches of the dungeon, and saw 41 of its levels.
You also visited: Sewer, Bailey, Ice Cave and Volcano.

You collected 4326 gold pieces.
You spent 3074 gold pieces at shops.

Inventory:

Hand Weapons
 K - a +4 vorpal broad axe (weapon)
Missiles
 s - 83 poisoned darts (quivered)
 W - 3 silver javelins
Armour
 B - a +0 pair of boots (worn)
 C - a scarf of resistance (worn)
 F - a +2 tower shield (worn)
 H - a +2 pair of gloves of dexterity (worn)
 I - the +1 helmet of Temperance (worn) {rElec Str-2 Dex+7}
   (You found it on level 7 of the Dungeon)

   Str:       It affects your strength (-2).
   Dex:       It affects your dexterity (+7).
   rElec:     It insulates you from electricity.
 N - a +0 crystal plate armour (worn)
Jewellery
 k - a ring of flight
 m - a ring of protection from cold
 v - the ring of Zoreavaf (left hand) {rPois rCorr AC+4 Dex+4}
   (You found it on level 2 of the Shoals)

   [ring of protection]

   AC:        It affects your AC (+4).
   Dex:       It affects your dexterity (+4).
   rPois:     It protects you from poison.
   rCorr:     It protects you from acid and corrosion.
 y - a ring of see invisible
 D - an amulet of regeneration (around neck)
 G - a ring of willpower
 J - a ring of protection from fire
 V - an amulet of the acrobat
 Y - the ring "Vupymy" (right hand) {rN+ Will+ Str+4 Int+4 Stlth-}
   (You bought it in a shop on level 13 of the Dungeon)

   [ring of willpower]

   Str:       It affects your strength (+4).
   Int:       It affects your intelligence (+4).
   rN:        It protects you from negative energy.
   Will:      It increases your willpower.
   Stlth:     It makes you less stealthy.
Wands
 g - a wand of digging (5)
 u - a wand of iceblast (11)
 O - a wand of mindburst (27)
 Q - a wand of flame (87)
Scrolls
 a - 10 scrolls of immolation
 f - 3 scrolls of blinking
 h - 11 scrolls of teleportation
 n - 5 scrolls of poison
 o - 19 scrolls of identify
 q - 3 scrolls of magic mapping
 t - 3 scrolls of summoning
 x - 8 scrolls of fog
 A - 2 scrolls of enchant armour
 P - 2 scrolls of silence
 R - 3 scrolls of fear
 U - 3 scrolls of torment
Potions
 b - 4 potions of resistance
 d - 7 potions of brilliance
 e - 12 potions of mutation
 j - 14 potions of curing
 l - 5 potions of attraction
 p - 3 potions of might
 w - a potion of heal wounds
 z - a potion of haste
 E - 3 potions of lignification
 S - 5 potions of cancellation
 T - 3 potions of ambrosia
 Z - 2 potions of berserk rage
Miscellaneous
 c - a tin of tremorstones (inert)
 i - a condenser vane (inert)
 r - a phial of floods
 L - a phantom mirror
 M - a lightning rod (4/4)
 X - a box of beasts


   Skills:
 + Level 18.5 Fighting
 - Level 18.0 Axes
 - Level 6.0 Throwing
 + Level 18.1 Armour
 - Level 10.0 Dodging
 - Level 5.0 Stealth
 + Level 18.2 Shields
 + Level 22.2 Invocations
 - Level 16.8 Evocations


You had 21 spell levels left.
You didn't know any spells.
Your spell library contained the following spells:

 Spells                   Type           Power      Damage    Failure   Level
 Apportation              Tloc           0%         N/A       100%        1
 Foxfire                  Conj/Fire      0%         2x1d4     100%        1
 Magic Dart               Conj           0%         1d3       100%        1
 Necrotize                Necr           0%         1d4       100%        1
 Sting                    Tmut/Pois      0%         1d3       100%        1
 Summon Small Mammal      Summ           0%         N/A       100%        1
 Blink                    Tloc           0%         N/A       100%        2
 Call Imp                 Summ           0%         N/A       100%        2
 Ensorcelled Hibernation  Hex/Ice        0%         N/A       100%        2
 Poisonous Vapours        Pois/Air       0%         N/A       100%        2
 Static Discharge         Conj/Air       0%         N/A       100%        2
 Sublimation of Blood     Necr           0%         N/A       100%        2
 Wereblood                Tmut           0%         N/A       100%        2
 Call Canine Familiar     Summ           0%         N/A       100%        3
 Conjure Flame            Conj/Fire      0%         6-21      100%        3
 Dazzling Flash           Conj/Hex       0%         N/A       100%        3
 Gell's Gravitas          Tloc           0%         N/A       100%        3
 Inner Flame              Hex/Fire       0%         N/A       100%        3
 Lesser Beckoning         Tloc           0%         N/A       100%        3
 Mephitic Cloud           Conj/Pois/Air  0%         N/A       100%        3
 Ozocubu's Armour         Ice            0%         N/A       100%        3
 Portal Projectile        Hex/Tloc       0%         N/A       100%        3
 Spider Form              Tmut/Pois      0%         N/A       100%        3
 Teleport Other           Tloc           0%         N/A       100%        3
 Anguish                  Hex/Necr       0%         N/A       100%        4
 Corpse Rot               Necr/Pois/Air  0%         N/A       100%        4
 Dispel Undead            Necr           0%         3d6       100%        4
 Flame Wave               Conj/Fire      0%         2d4       100%        4
 Leda's Liquefaction      Hex/Erth       0%         N/A       100%        4
 Olgreb's Toxic Radiance  Pois           0%         N/A       100%        4
 Sticky Flame             Conj/Fire      0%         2d3       100%        4
 Summon Lightning Spire   Summ/Air       0%         N/A       100%        4
 Manifold Assault         Tloc           0%         N/A       100%        5
 Metabolic Englaciation   Hex/Ice        0%         N/A       100%        5
 Conjure Ball Lightning   Conj/Air       0%         3x3d6     100%        6
 Death Channel            Necr           0%         N/A       100%        6
 Dispersal                Tloc           0%         N/A       100%        6
 Iron Shot                Conj/Erth      0%         9d1       100%        6
 Simulacrum               Ice/Necr       0%         N/A       100%        6
 Ozocubu's Refrigeration  Ice            0%         4d5       100%        7
 Storm Form               Tmut/Air       0%         N/A       100%        7
 Summon Hydra             Summ           0%         N/A       100%        7
 Discord                  Hex            0%         N/A       100%        8
 Disjunction              Tloc           0%         N/A       100%        8
 Maxwell's Capacitive Co  Air            0%         ∞         100%        8


Dungeon Overview and Level Annotations

Branches:
Dungeon (15/15)            Temple (1/1) D:7            Lair (6/6) D:10
 Shoals (4/4) Lair:2        Snake (4/4) Lair:2        Slime (5/5) Lair:5
    Orc (2/2) D:9             Elf (0/3) Orc:2        Vaults (0/5) D:13
 Depths (4/4) D:15            Zot (0/5) Depths:4      Sewer (visited)
 Bailey (visited)           IceCv (visited)         Volcano (visited)

Altars:
Ashenzari
Cheibriados
Dithmenos
Elyvilon
Fedhas
Gozag
Hepliaklqana
Kikubaaqudgha
Makhleb
Nemelex Xobeh
Okawaru
Qazlal
Ru
Sif Muna
Trog
Uskayaw
Wu Jian
Xom
Yredelemnul
The Shining One
Jiyva

Shops:
D:2 [(?*   D:5 *   D:13 =   Orc:1 *   Orc:2 (**!*   Shoals:1 *   Shoals:3 [
Snake:4 [   Depths:2 (((:=   Depths:4 (

Portals:
Hell: Depths:1 Depths:2 Depths:3 Depths:4
Abyss: Depths:1 Depths:2 Depths:3
Pandemonium: Depths:2 Depths:3
Ziggurat: Depths:2

Annotations:
D:5 1 runed translucent door, Crazy Yiuf
D:11 exclusion: orange crystal statue
Shoals:1 Roxanne
Snake:2 1 runed translucent door
Slime:5 Royal Jelly
Depths:2 exclusion: obsidian statue


Innate Abilities, Weirdness & Mutations

You have large cloven feet.
You are very frail. (-20% HP)
Your natural rate of healing is unusually fast.


Message History

You slash the acid blob!
You kill the acid blob!
That felt strangely unrewarding.
The Royal Jelly shudders.
The Royal Jelly spits out another jelly.
* * * LOW HITPOINT WARNING * * *
Your lungs strain for air!
You block the quicksilver ooze's attack. x2
The quicksilver ooze hits you.
You block the quicksilver ooze's attack.
Unknown command.
Unknown command.
Unknown command.
Unknown command.
Okay, then.
Your magical effects are unravelling.
You feel magically purged.
You feel yourself slow down.
* * * LOW HITPOINT WARNING * * *
Your lungs strain for air!
You block the Royal Jelly's attack. The Royal Jelly barely misses you.
You block the rockslime's attack.
The quicksilver ooze closely misses you. x2
The quicksilver ooze hits you.
You block the quicksilver ooze's attack.
Unknown command.
Unknown command.
Unknown command.
Okay, then.
Clouds of freezing vapour condense around you!
The condenser dries out!
* * * LOW HITPOINT WARNING * * *
Your lungs strain for air!
The Royal Jelly is engulfed in freezing vapours.
The Royal Jelly hits you!!
* * * LOW HITPOINT WARNING * * *
The acid corrodes you!
You are splashed with acid.
You resist.
* * * LOW HITPOINT WARNING * * *
The Royal Jelly barely misses you. The rockslime hits you!
You die...
Your body glows with a rainbow of weird colours and disappears.

##.^............
##............... #.
##................ #..
##.................
####.####..................
........§§§..............#.
........§J§§.............##
.......§§JJ§..............#
.......§JJ@§..............#
.......§§JJ§.............##
........§J§§.........##.##
........§§§.....<....####
..................####
..................#
..................#
..................#
................###


You could see the Royal Jelly, 2 acid blobs, 2 rockslimes and 3 quicksilver
oozes.

Vanquished Creatures
  Vashnia (Snake:3)
  Saint Roka (Depths:4)
  the Enchantress (Depths:3)
  Nikola (Snake:3)
  A bone dragon (Depths:4)
  Jorgrun (D:13)
  A lich (Depths:4)
  Mlioglotl (Shoals:1)
  2 quicksilver dragons
  A kraken (Shoals:2)
  9 acid blobs
  Kirke (Snake:1)
  3 sphinxes
  Gastronok (Lair:2)
  2 tengu reavers
  Ilsuiw (Shoals:3)
  Donald (Snake:1)
  A rockslime (Slime:5)
  6 azure jellies
  2 nagarajas (Snake:4)
  5 fire giants
  A fenstrider witch (Depths:1)
  3 frost giants
  2 cacodemons (Depths:2)
  4 spriggan defenders (Depths:3)
  4 quicksilver oozes
  14 very ugly things
  6 caustic shrike skeletons (Depths:3)
  6 eleionomae
  6 stone giants
  2 black draconians (Depths:4)
  3 vampire knights (Depths:1)
  3 purple draconians (Depths:4)
  2 dire elephants
  A red draconian (Depths:4)
  A bunyip (Depths:4)
  The ghost of Taurus the Severer, a journeyman MiFi of the Shining One (Orc:1)
  A blizzard demon (Depths:2)
  A green death (Depths:2)
  3 ettins
  11 merfolk impalers
  6 merfolk javelineers
  4 great orbs of eyes
  6 fire dragons
  A spriggan zombie (D:15)
  2 boulder beetles
  5 ice dragons
  2 hydras
  2 jorogumos (Depths:4)
  A salamander tyrant (Snake:2)
  6 spriggan air magi
  4 rakshasas
  8 centaur warriors
  An alligator (Depths:1)
  4 merfolk aquamancers
  A catoblepas (Shoals:3)
  2 ogre magi
  3 merfolk avatars
  Erica (Orc:1)
  11 anacondas
  18 two-headed ogres
  18 death yaks
  A deep troll earth mage (Depths:2)
  11 naga warriors
  2 alligator snapping turtles
  12 tengu warriors
  8 deep troll shamans
  2 soul eaters (Depths:2)
  12 naga sharpshooters
  9 shock serpents
  7 spriggan berserkers
  Urug (D:12)
  45 spriggans
  4 iron trolls (Depths:4)
  A hell knight (Depths:1)
  A shadow wraith (D:13)
  Lodul (D:12)
  3 salamander mystics
  12 sea snakes
  2 sixfirhies (Depths:2)
  3 flayed ghosts
  2 skeletal warriors (D:15)
  7 spriggan druids (Depths:3)
  5 deep trolls
  2 wizards
  A glowing orange brain (Depths:1)
  5 naga ritualists
  Pikel (D:4)
  A deep elf archer (Depths:3)
  A lindwurm (Lair:4)
  An orc knight (Orc:2)
  28 harpies
  2 necromancers
  A wolf spider (shapeshifter) (Depths:2)
  A wolf spider (D:15)
  3 shining eyes
  11 mana vipers
  6 fauns
  12 merfolk sirens
  26 ugly things
  25 manticores
  12 cyclopes
  A sphinx skeleton (D:15)
  A rust devil (Depths:2)
  2 moths of wrath (Shoals:2)
  14 elephants
  2 guardian serpents (Snake:4)
  30 black mambas
  2 eyes of devastation (Slime:5)
  14 salamanders
  13 naga magi
  2 water nymphs
  A gargoyle (D:11)
  A torpor snail (Lair:3)
  2 smoke demons (Depths:2)
  An ice statue (IceCv)
  12 cane toads
  4 rime drakes
  12 komodo dragons
  A kobold demonologist (D:12)
  6 tengu conjurers
  12 polar bears
  A red devil (Depths:2)
  3 hellwings (Depths:2)
  30 merfolk
  19 hornets
  12 trolls
  12 wind drakes
  A tarantella (shapeshifter) (D:10)
  20 blink frogs
  63 slime creatures
  18 snapping turtles
  19 dream sheep
  A spriggan skeleton (D:15)
  Sigmund (D:3)
  A spriggan (shapeshifter) (D:14)
  A shadow (D:9)
  82 yaks
  2 ynoxinuls (Depths:2)
  14 water elementals
  6 wyverns
  2 basilisks
  4 hogs (Snake:1)
  6 wraiths
  11 golden eyes
  4 steam dragons
  A human (shapeshifter) (D:13)
  A neqoxec (Depths:2)
  A warg (Orc:2)
  A chaos spawn (Depths:2)
  Edmund (D:5)
  39 nagas
  2 acid dragons
  3 floating eyes
  12 water moccasins
  3 hell hounds (Volcano)
  Duvessa (D:5)
  26 orc warriors
  2 ice beasts
  3 sky beasts
  6 black bears
  17 wolves
  18 ogres
  21 centaurs
  10 bullfrogs
  5 kobold brigands
  A necrophage (D:7)
  5 scorpions
  5 wights
  3 killer bees (D:9)
  Dowan (D:5)
  2 electric eels (Lair:3)
  A crimson imp (D:10)
  3 lava snakes (D:11)
  2 jellies
  17 orc priests
  Ijyb (D:4)
  An iguana (D:7)
  18 orc wizards
  Robin (D:3)
  4 gnolls
  14 adders
  6 river rats
  A shadow imp (D:7)
  11 white imps
  2 ufetubi
  6 worms
  6 dart slugs
  61 orcs
  3 endoplasms
  3 giant cockroaches
  18 goblins
  8 hobgoblins
  2 jackals (D:2)
  26 kobolds
  2 quokkas
  6 ball pythons
  5 bats
  14 frilled lizards
  18 rats
  3 tentacles (Shoals:2)
1433 creatures vanquished.

Vanquished Creatures (collateral kills)
  A caustic shrike (Depths:3)
  A titan (Depths:1)
  The ghost of Nuroishry the Brawler, an adept TrMo of Trog (Shoals:2)
  4 nagarajas (Snake:4)
  A fire giant (Depths:1)
  A vampire knight (Depths:4)
  A green draconian (Depths:4)
  A green death (Depths:2)
  A hydra (Lair:6)
  A fire dragon (Depths:1)
  A salamander tyrant (Snake:4)
  An ogre mage (Orc:2)
  An anaconda (Snake:3)
  2 spriggan air magi
  A centaur warrior (D:15)
  4 naga warriors
  A satyr (shapeshifter) (Depths:1)
  5 two-headed ogres
  A tengu warrior (Depths:1)
  3 naga sharpshooters
  A spriggan (Depths:4)
  2 shock serpents (Snake:1)
  A spriggan berserker (Depths:4)
  A sixfirhy (Depths:2)
  A storm dragon zombie (Depths:1)
  A soul eater (Depths:2)
  2 salamander mystics
  A storm dragon skeleton (D:15)
  4 naga ritualists
  2 deep trolls (Orc:2)
  A sphinx zombie (Depths:1)
  A mana viper (Snake:3)
  6 salamanders
  2 cyclopes (Orc:2)
  A manticore (D:15)
  A water nymph (Shoals:4)
  4 elephants
  4 guardian serpents
  9 black mambas
  7 naga magi
  A yaktaur (D:15)
  A wind drake (Lair:6)
  3 merfolk (Shoals:4)
  A polar bear (Lair:6)
  A merfolk (shapeshifter) (Depths:1)
  5 trolls (Orc:2)
  3 hornets (Depths:4)
  2 snapping turtles (Shoals:2)
  5 blink frogs (Lair:1)
  2 yaks (Lair:6)
  A glowing shapeshifter zombie (Depths:1)
  15 nagas
  8 ogres (Orc:2)
  2 wolves (Lair:1)
  A centaur (D:15)
  A tengu (Snake:1)
  4 white imps (Lair:1)
141 creatures vanquished.

Vanquished Creatures (others)
  A human (Snake:1)
  36 fungi
  199 plants
  2 starspawn tentacles (Shoals:1)
  7 tentacles (Shoals:2)
  5 withered plants (D:15)
250 creatures vanquished.

Grand Total: 1824 creatures vanquished

Notes
Turn   | Place    | Note
-------+----------+-------------------------------------------
     0 | D:1      | Pelinal the Hill Orc Fighter began the quest for the Orb.
     0 | D:1      | Reached XP level 1. HP: 19/19 MP: 1/1
   376 | D:1      | Reached XP level 2. HP: 26/26 MP: 2/2
   821 | D:1      | Found a faded altar of an unknown god.
   870 | D:1      | Reached XP level 3. HP: 31/31 MP: 3/3
  1135 | D:2      | Found Veit's Armour Boutique.
  1160 | D:2      | Found Xuwerchyl's Magic Scroll Boutique.
  1209 | D:2      | Bought a scroll of identify for 28 gold pieces
  1209 | D:2      | Bought a scroll of identify for 28 gold pieces
  1225 | D:2      | Found Wajaduth's General Store.
  1240 | D:2      | Found a snail-covered altar of Cheibriados.
  1261 | D:2      | Reached skill level 5 in Axes
  1286 | D:2      | Found Avaucehu's Weapon Emporium.
  1595 | D:2      | Reached XP level 4. HP: 12/39 MP: 4/4
  1923 | D:2      | Identified the +2 leather armour of Xulues {rElec Int+5}
  2144 | D:2      | Reached XP level 5. HP: 45/45 MP: 5/5
  2490 | D:3      | Noticed Sigmund
  2499 | D:3      | Killed Sigmund
  2500 | D:3      | Reached XP level 6. HP: 44/51 MP: 6/6
  3208 | D:3      | Noticed Robin
  3208 | D:3      | Noticed a black bear
  3215 | D:3      | Killed Robin
  3363 | D:4      | Noticed Pikel
  3734 | D:4      | Noticed Ijyb
  3756 | D:4      | Killed Ijyb
  3757 | D:4      | Reached XP level 7. HP: 43/57 MP: 7/7
  3856 | D:4      | Killed Pikel
  3857 | D:4      | Reached XP level 8. HP: 64/64 MP: 8/8
  4035 | D:4      | Found an ancient bone altar of Kikubaaqudgha.
  4036 | D:4      | Found a bloodstained altar of Trog.
  4335 | D:5      | Entered Level 5 of the Dungeon
  4471 | D:5      | Found a glowing drain.
  4488 | Sewer    | Entered a sewer
  5115 | D:5      | Noticed Duvessa
  5116 | D:5      | Noticed Dowan
  5129 | D:5      | Killed Duvessa
  5133 | D:5      | Killed Dowan
  5309 | D:5      | Noticed a wyvern
  5318 | D:5      | Killed a wyvern
  5540 | D:5      | Found Dutzies's Elemental Accessories.
  5673 | D:5      | Noticed Edmund
  5688 | D:5      | Killed Edmund
  5689 | D:5      | Reached XP level 9. HP: 44/73 MP: 9/9
  5950 | D:5      | Reached skill level 5 in Fighting
  5987 | D:5      | Found a runed translucent door.
  5988 | D:5      | Noticed Crazy Yiuf
  6769 | D:6      | Found a glowing golden altar of the Shining One.
  6843 | D:6      | Reached skill level 5 in Armour
  6843 | D:6      | Reached skill level 5 in Shields
  7355 | D:7      | Found a staircase to the Ecumenical Temple.
  7370 | Temple   | Entered the Ecumenical Temple
  7453 | Temple   | Became a worshipper of Nemelex Xobeh the Trickster
  7676 | D:7      | Reached XP level 10. HP: 50/84 MP: 10/10
  7714 | D:7      | Noticed a manticore
  7734 | D:7      | Killed a manticore
  7735 | D:7      | Reached skill level 15 in Axes
  7753 | D:7      | Noticed a cyclops
  7758 | D:7      | Killed a cyclops
  7813 | D:7      | Identified the +1 helmet of Temperance {rElec Str-2 Dex+7}
  8006 | D:8      | Found a flagged portal.
  8035 | Bailey   | Entered a bailey
  8221 | Bailey   | Reached skill level 1 in Invocations
  8314 | Bailey   | Reached skill level 2 in Invocations
  8630 | D:8      | Found a blossoming altar of Fedhas.
  8753 | D:8      | Reached * piety under Nemelex Xobeh
  8873 | D:8      | Reached XP level 11. HP: 90/94 MP: 11/13
  8954 | D:8      | Received a gift from Nemelex Xobeh
  9134 | D:9      | Reached skill level 3 in Invocations
  9409 | D:9      | Reached skill level 4 in Invocations
  9437 | D:9      | Found a staircase to the Orcish Mines.
  9517 | D:9      | Reached skill level 5 in Invocations
  9992 | D:10     | Entered Level 10 of the Dungeon
 10069 | D:10     | Noticed a two-headed ogre
 10091 | D:10     | Killed a two-headed ogre
 10092 | D:10     | Reached skill level 1 in Throwing
 10092 | D:10     | Reached skill level 1 in Stealth
 10246 | D:10     | Reached ** piety under Nemelex Xobeh
 10457 | D:10     | Found a staircase to the Lair.
 10503 | D:10     | Reached XP level 12. HP: 103/103 MP: 16/16
 10974 | Lair:1   | Entered Level 1 of the Lair of Beasts
 11078 | Lair:1   | Reached skill level 5 in Throwing
 11078 | Lair:1   | Reached skill level 5 in Stealth
 11092 | Lair:1   | Reached skill level 6 in Invocations
 11163 | Lair:1   | Found a frozen archway.
 11189 | IceCv    | Entered an ice cave
 11390 | IceCv    | Reached skill level 7 in Invocations
 11619 | IceCv    | Reached skill level 8 in Invocations
 11890 | IceCv    | Noticed a death yak
 11890 | IceCv    | Noticed a death yak
 11906 | IceCv    | Killed a death yak
 11907 | IceCv    | Reached XP level 13. HP: 98/111 MP: 19/19
 11956 | IceCv    | Noticed a frost giant
 12001 | IceCv    | Killed a frost giant
 12002 | IceCv    | Reached skill level 9 in Invocations
 12100 | IceCv    | Received a gift from Nemelex Xobeh
 12418 | Lair:1   | Reached *** piety under Nemelex Xobeh
 12497 | Lair:1   | Reached skill level 10 in Fighting
 12643 | D:5      | Bought a tin of tremorstones (2/2) for 560 gold pieces
 12934 | Lair:2   | Found a staircase to the Snake Pit.
 12937 | Lair:2   | Noticed Maggie
 12967 | Lair:2   | Reached skill level 1 in Dodging
 12979 | Lair:2   | Reached skill level 1 in Evocations
 13310 | Lair:2   | Noticed Maggie
 13310 | Lair:2   | Maggie changed into Maggie the worm
 13321 | Lair:2   | Killed Maggie the worm
 13359 | Lair:2   | Reached skill level 10 in Invocations
 13529 | Lair:2   | Received a gift from Nemelex Xobeh
 13572 | Lair:2   | Noticed Gastronok
 13595 | Lair:2   | Killed Gastronok
 13715 | Lair:2   | Found a staircase to the Shoals.
 14873 | Lair:3   | Received a gift from Nemelex Xobeh
 15011 | Lair:3   | Reached **** piety under Nemelex Xobeh
 15318 | Lair:4   | Reached skill level 11 in Invocations
 15336 | Lair:4   | Reached XP level 14. HP: 54/121 MP: 22/22
 15502 | Lair:4   | Found a hide-covered altar of Uskayaw.
 15502 | Lair:4   | Found an ornate altar of the Wu Jian Council.
 15549 | Lair:4   | Received a gift from Nemelex Xobeh
 15846 | Lair:4   | Reached skill level 10 in Shields
 15848 | Lair:4   | Reached skill level 5 in Evocations
 16242 | Lair:5   | Reached skill level 10 in Armour
 16265 | Lair:5   | Received a gift from Nemelex Xobeh
 16455 | Lair:5   | Reached skill level 12 in Invocations
 16507 | Lair:5   | Reached ***** piety under Nemelex Xobeh
 16557 | Lair:5   | Found a viscous altar of Jiyva.
 16557 | Lair:5   | Found a staircase to the Slime Pits.
 16922 | Lair:6   | Entered Level 6 of the Lair of Beasts
 17151 | Lair:6   | Received a gift from Nemelex Xobeh
 17253 | Lair:6   | Identified the +1 leather armour of Utomoc {rPois}
 17651 | Lair:6   | Received a gift from Nemelex Xobeh
 17704 | Lair:6   | Noticed a dire elephant
 17720 | Lair:6   | Killed a dire elephant
 17721 | Lair:6   | Reached skill level 13 in Invocations
 18200 | Lair:6   | Identified the +5 trident "Xunueh" {vorpal, *Slow rC++
                  | Will+++}
 18558 | D:11     | Reached XP level 15. HP: 116/126 MP: 25/25
 19500 | D:12     | Received a gift from Nemelex Xobeh
 19557 | D:12     | Noticed Lodul
 19572 | D:12     | Killed Lodul
 19642 | D:12     | Reached skill level 14 in Invocations
 19889 | D:12     | Noticed Urug
 19898 | D:12     | Killed Urug
 20376 | D:13     | Found Liethrest's Jewellery Shoppe.
 20384 | D:13     | Bought the ring "Vupymy" {rN+ Will+ Str+4 Int+4 Stlth-} for
                  | 722 gold pieces
 20486 | D:13     | Received a gift from Nemelex Xobeh
 20550 | D:13     | Noticed Jorgrun
 20553 | D:13     | Killed Jorgrun
 20554 | D:13     | Reached skill level 5 in Dodging
 20839 | D:13     | Noticed a sphinx
 20839 | D:13     | an iron troll changed into a sphinx
 20844 | D:13     | Killed a sphinx
 21004 | D:13     | Found a gate to the Vaults.
 21225 | D:14     | Reached ****** piety under Nemelex Xobeh
 21401 | D:14     | Received a gift from Nemelex Xobeh
 21672 | D:14     | Reached skill level 15 in Invocations
 21718 | D:14     | Found a shimmering altar of Xom.
 21861 | D:14     | Received a gift from Nemelex Xobeh
 22045 | D:15     | Entered Level 15 of the Dungeon
 22195 | D:15     | Found a staircase to the Depths.
 22319 | D:15     | Reached XP level 16. HP: 89/135 MP: 27/27
 22436 | D:15     | Received a gift from Nemelex Xobeh
 22515 | D:15     | Reached skill level 10 in Evocations
 23282 | Orc:1    | Entered Level 1 of the Orcish Mines
 23327 | Orc:1    | Noticed Taurus's ghost (journeyman MiFi)
 23328 | Orc:1    | Found a transporter.
 23329 | Orc:1    | Identified the +4 dire flail "Apriarets" {vorpal, rF+ Will+
                  | Dex+6}
 23329 | Orc:1    | Identified the +0 great mace of Amorality {venom, rN+ Dex+2
                  | Stlth+}
 23331 | Orc:1    | Found a transporter.
 23350 | Orc:1    | Found Titun's Assorted Antiques.
 23362 | Orc:1    | Bought a scroll of enchant weapon for 172 gold pieces
 23476 | Orc:1    | Noticed Erica
 23478 | Orc:1    | Noticed an azure jelly
 23478 | Orc:1    | an orc warlord changed into an azure jelly
 23478 | Orc:1    | Killed Erica
 23487 | Orc:1    | Killed an azure jelly
 23636 | Orc:1    | Killed Taurus's ghost
 23751 | Orc:2    | Entered Level 2 of the Orcish Mines
 23797 | Orc:2    | Found a staircase to the Elven Halls.
 23828 | Orc:2    | Received a gift from Nemelex Xobeh
 23894 | Orc:2    | Found Innisa's Weapon Boutique.
 23894 | Orc:2    | Found Icimutim's Distillery.
 23900 | Orc:2    | Paralysed by an ogre mage for 2 turns
 24002 | Orc:2    | Found a dark tunnel.
 24007 | Volcano  | Entered a volcano
 24534 | Orc:2    | Found Fapnoson's Assorted Antiques.
 24539 | Orc:2    | Found Ulourad's Assorted Antiques.
 24540 | Orc:2    | Found Wesir's Assorted Antiques.
 24855 | Orc:2    | Bought a condenser vane for 1280 gold pieces
 25079 | Shoals:1 | Entered Level 1 of the Shoals
 25277 | Shoals:1 | Noticed Mlioglotl
 25284 | Shoals:1 | Noticed a lich
 25294 | Shoals:1 | Noticed a tentacled starspawn
 25294 | Shoals:1 | Noticed a bone dragon
 25294 | Shoals:1 | Noticed a tentacled starspawn
 25296 | Shoals:1 | Noticed a tentacled starspawn
 25296 | Shoals:1 | Killed Mlioglotl
 25613 | Shoals:1 | Received a gift from Nemelex Xobeh
 25636 | Shoals:1 | Noticed Roxanne
 25895 | Shoals:1 | Reached XP level 17. HP: 132/148 MP: 28/28
 26069 | Shoals:1 | Found Burghiuh's General Store.
 26077 | Shoals:1 | Bought a scroll of enchant weapon for 112 gold pieces
 26890 | Shoals:2 | Received a gift from Nemelex Xobeh
 26917 | Shoals:2 | Found a transporter.
 26995 | Shoals:2 | Noticed Nuroishry's ghost (adept TrMo)
 27741 | Shoals:2 | Found a transporter.
 27752 | Shoals:2 | Received a gift from Nemelex Xobeh
 27967 | Shoals:2 | Killed Nuroishry's ghost
 28078 | Shoals:2 | Identified the ring "Ekafeop" {rCorr Int+4 Dex+4}
 28080 | Shoals:2 | Identified the ring of Zoreavaf {rPois rCorr AC+4 Dex+4}
 28379 | Shoals:2 | Noticed a kraken
 28388 | Shoals:2 | Killed a kraken
 28783 | Shoals:3 | Noticed Ilsuiw
 28786 | Shoals:3 | Killed Ilsuiw
 28835 | Shoals:3 | Found Imnealaela's Antique Armour Boutique.
 28868 | Shoals:3 | Noticed Polyphemus
 28873 | Shoals:3 | Noticed Polyphemus
 28873 | Shoals:3 | Polyphemus changed into Polyphemus the quicksilver dragon
 28874 | Shoals:3 | Killed Polyphemus the quicksilver dragon
 28898 | Shoals:3 | Bought a pair of runed gloves for 172 gold pieces
 29898 | Shoals:4 | Entered Level 4 of the Shoals
 29963 | Shoals:4 | Reached XP level 18. HP: 148/160 MP: 29/29
 29997 | Shoals:4 | Got a barnacled rune of Zot
 30231 | Shoals:4 | Received a gift from Nemelex Xobeh
 30673 | Shoals:4 | Received a gift from Nemelex Xobeh
 30734 | Shoals:4 | Reached skill level 15 in Shields
 31880 | Snake:1  | Entered Level 1 of the Snake Pit
 31975 | Snake:1  | Reached skill level 15 in Armour
 31976 | Snake:1  | Noticed Kirke
 31979 | Snake:1  | Killed Kirke
 32123 | Snake:1  | Found a runed translucent gate.
 32123 | Snake:1  | Found a runed translucent gate.
 32123 | Snake:1  | Found a runed translucent gate.
 32167 | Snake:1  | Noticed Louise
 32184 | Snake:1  | Reached skill level 15 in Fighting
 32189 | Snake:1  | Noticed Louise
 32189 | Snake:1  | Louise changed into Louise the eight-headed hydra
 32194 | Snake:1  | Killed Louise the eight-headed hydra
 32288 | Snake:1  | Received a gift from Nemelex Xobeh
 32531 | Snake:1  | Noticed Donald
 32554 | Snake:1  | Killed Donald
 32636 | Snake:1  | Identified the ring "Pywkuen" {rElec rN+ Will- AC+4 Int+2}
 32759 | Snake:1  | Reached skill level 10 in Dodging
 32836 | Snake:2  | Received a gift from Nemelex Xobeh
 33257 | Snake:2  | Received a gift from Nemelex Xobeh
 33274 | Snake:2  | Reached XP level 19. HP: 88/170 MP: 30/30
 33628 | Snake:2  | Found a runed translucent door.
 33738 | Snake:3  | Noticed Vashnia
 33750 | Snake:3  | Killed Vashnia
 33760 | Snake:3  | Reached skill level 16 in Invocations
 34096 | Snake:3  | Noticed Nikola
 34108 | Snake:3  | Killed Nikola
 34403 | Snake:3  | Reached skill level 17 in Invocations
 34472 | Snake:3  | Received a gift from Nemelex Xobeh
 34813 | Snake:4  | Entered Level 4 of the Snake Pit
 35007 | Snake:4  | Reached skill level 18 in Invocations
 35013 | Snake:4  | Reached skill level 15 in Evocations
 35203 | Snake:4  | Received a gift from Nemelex Xobeh
 35211 | Snake:4  | Found Voabomicuy's Armour Boutique.
 35351 | Snake:4  | Received a gift from Nemelex Xobeh
 35527 | Snake:4  | Got a serpentine rune of Zot
 36235 | Depths:1 | Entered Level 1 of the Depths
 36235 | Depths:1 | Received a gift from Nemelex Xobeh
 36240 | Depths:1 | Reached XP level 20. HP: 179/179 MP: 33/33
 36307 | Depths:1 | Reached skill level 19 in Invocations
 36631 | Depths:1 | Paralysed by a floating eye for 2 turns
 36790 | Depths:1 | Found a gateway to Hell.
 36794 | Depths:1 | Found a one-way gate to the infinite horrors of the Abyss.
 36902 | Depths:1 | Got Sif Muna's Tome of Conjuration
 37106 | Depths:1 | Received a gift from Nemelex Xobeh
 37614 | Depths:1 | Reached skill level 20 in Invocations
 37894 | Depths:2 | Found Itwal's Jewellery Shop.
 37999 | Depths:2 | Found a one-way gateway to a ziggurat.
 38002 | Depths:2 | Received a gift from Nemelex Xobeh
 38006 | Depths:2 | Found a one-way gate leading to the halls of Pandemonium.
 38054 | Depths:2 | Found Rirhoib's Weapon Emporium.
 38060 | Depths:2 | Found Ympytufu's Antique Weapon Shoppe.
 38151 | Depths:2 | Gained mutation: You have large cloven feet. [a cacodemon]
 38558 | Depths:2 | Found Saimaonu's Book Shoppe.
 38625 | Depths:2 | Reached XP level 21. HP: 47/189 MP: 35/35
 38771 | Depths:2 | Found Tezyamomott's Antique Weapon Shop.
 39455 | Depths:3 | Noticed a caustic shrike
 39473 | Depths:3 | Killed a caustic shrike
 39584 | Depths:3 | You fall into a shaft and drop 1 floor!
 39584 | Depths:4 | Entered Level 4 of the Depths
 39584 | Depths:4 | Received a gift from Nemelex Xobeh
 39912 | Depths:3 | Reached skill level 21 in Invocations
 39947 | Depths:3 | Identified the +3 long sword "Railil" {vorpal, Int+7 Dex-3}
 39947 | Depths:3 | Noticed the Enchantress
 40078 | Depths:3 | Identified the +5 giant club of the Maze {flame, Str-5
                  | Int+6}
 40078 | Depths:3 | Identified the +10 giant club "Sycesyt" {vorpal, rPois
                  | Dex+4}
 40229 | Depths:3 | Killed the Enchantress
 40497 | Depths:3 | Found a bloodstained altar of Trog.
 41098 | Depths:3 | Received a gift from Nemelex Xobeh
 41366 | Depths:4 | Noticed Saint Roka
 41376 | Depths:4 | Killed Saint Roka
 41698 | Depths:4 | Reached XP level 22. HP: 164/201 MP: 36/36
 41925 | Depths:4 | Found Segoq's Firing Range.
 42017 | Depths:4 | Found a gate to the Realm of Zot.
 42553 | Slime:1  | Entered Level 1 of the Pits of Slime
 42586 | Slime:1  | Gained mutation: You are frail. (-10% HP) [a shining eye]
 42587 | Slime:1  | Gained mutation: You are very frail. (-20% HP) [a shining
                  | eye]
 42594 | Slime:1  | Gained mutation: Your natural rate of healing is unusually
                  | fast. [a shining eye]
 42668 | Slime:1  | Received a gift from Nemelex Xobeh
 43180 | Slime:4  | Reached skill level 22 in Invocations
 43187 | Slime:5  | Entered Level 5 of the Pits of Slime
 43381 | Slime:4  | Received a gift from Nemelex Xobeh
 43440 | Slime:5  | Noticed the Royal Jelly
 43458 | Slime:5  | HP: 4/162 [the Royal Jelly (23)]
 43458 | Slime:5  | HP: 1/162 [acid (3)]
 43458 | Slime:5  | Mangled by a rockslime

Illustrated notes

Levels and vault maps discovered:
D:1:      dpeg_arrival_rooms_b, layout_loops_ring,
          shapermc_ecumenical_altar_notcrosses, serial_glass, glass_columns_c,
          glass_columns_a, minmay_statues_item
D:2:      layout_basic, serial_shops, shop, shop_statue, shop_statue,
          nicolae_shop_bloodbath_and_beyond, basic_altar
D:3:      layout_basic, uniq_robin, uniq_sigmund
D:4:      layout_loops_ring, minitemple, nrook_campfire,
          dreamdust_princess_bridge, uniq_pikel, uniq_ijyb
D:5:      layout_loops_ring, lightli_sewer_entry_pipes, nicolae_elemental_shop,
          small_statue_intersection, uniq_crazy_yiuf_cottage, uniq_edmund,
          uniq_duvessa
D:6:      layout_rooms, tso_metal_star
D:7:      minmay_slanted_spiral_squares, layout_gridville, temple_fountains
D:8:      layout_loops_ring, mainiacjoe_overflow_catwalk, enter_bailey_3
D:9:      layout_basic, orc_0_dummy, onia_ninara_cookie
D:10:     layout_cave_pods, grunt_lair_entry_orc_guard_hut,
          minmay_fire_ice_demons
D:11:     layout_loops_cross, disabler_island
D:12:     layout_loops_ring, uniq_urug, uniq_lodul
D:13:     layout_irregular_city, david_vaults_4, serial_shops, shop,
          uniq_jorgrun
D:14:     layout_stronghold, xom_teletrap_fun
D:15:     gammafunk_depths_entry_grave, layout_cave_pods, dk_noncrumbling_4
Temple:   eino_narrow_crystal_temple
Lair:1:   layout_chaotic_city, portal_ice_cave_entry_imps,
          chequers_serial_rivers_marsh
Lair:2:   layout_cave_pods, elwin_shoals_entry_stream,
          guppyfry_snake_entry_garden, uniq_gastronok, uniq_maggie
Lair:3:   layout_regular_city, serial_bayou_shore_a
Lair:4:   layout_misc_corridors, nzn_masters_of_martial_movement
Lair:5:   layout_loops_ring, slime_altar_1, chequers_serial_rivers_micro_d
Lair:6:   gammafunk_lair_ancient_temple, layout_regular_city
Shoals:1: layout_shoals, serial_shops, shop, uniq_mlioglotl, uniq_roxanne
Shoals:2: layout_shoals, gammafunk_ghost_berserking_beasts
Shoals:3: layout_shoals, serial_shops, nicolae_square_shop, uniq_ilsuiw,
          uniq_polyphemus
Shoals:4: shoals_end_simple, layout_shoals,
          nicolae_shoals_lost_giant_amphitheater, nicolae_shoals_drake_roost
Snake:1:  layout_grid_shapes, nicolae_snake_horde_hoard, uniq_louise,
          uniq_donald, uniq_kirke
Snake:2:  cheibrodos_toxic_ritual, layout_misc_corridors,
          nicolae_snake_lava_pool
Snake:3:  kennysheep_six_static_rooms, layout_cave_town, uniq_nikola,
          uniq_vashnia
Snake:4:  minmay_snake_end_coiled, layout_cave_town, serial_shops,
          nicolae_diamond_shop, st_stairs_5
Slime:1:  layout_caves
Slime:2:  layout_caves
Slime:3:  layout_caves
Slime:4:  layout_caves, nicolae_slime_phagocytosis
Slime:5
Orc:1:    layout_diamond_mine, serial_shops, nicolae_shop_crystal,
          gammafunk_ghost_smash, uniq_erica
Orc:2:    st_orc_open, layout_caves, enter_volcano_4, serial_shops, shop
Depths:1: minmay_the_grid_octo_tiled_octocenter_mashed
          [minmay_the_grid_octo_empty, minmay_the_grid_octo_toaster,
          minmay_the_grid_octo_clover_2, minmay_the_grid_octo_thin_diamonds,
          minmay_the_grid_octo_prize_star, minmay_the_grid_square_5x5_slash,
          minmay_the_grid_square_5x5_shuriken,
          minmay_the_grid_square_5x5_inverted_slash,
          minmay_the_grid_square_5x5_eight], layout_basic, hell_entry,
          abyss_entry, hangedman_decor_growths, kennysheep_generic_room_16
Depths:2: thingy_vault_2, layout_cave_pools, enter_ziggurat_c,
          grunt_hell_entry_demonic_statue, pan_entry,
          hellmonk_bongcloud_opening, serial_shops, nicolae_shop_trees,
          nicolae_take_the_stairs, nicolae_shop_temple_entry_statues_fountains,
          shop, shop_fountains, abyss_entry
Depths:3: spriggan_forest, abyss_entry, pan_entry, hell_entry
Depths:4: grunt_twist_and_shout, layout_gridville, hangedman_coc_ice_floe,
          nicolae_shop_firing_range, uniq_saint_roka

Skill      XL: |  1  2  3  4  5  6  7  8  9 10 11 12 13 14 15 16 17 18 19 20 21 22 |
---------------+-------------------------------------------------------------------+-----
Axes           | 3 4 6 8 9 11 13 14 16 17 18 | 18.0
Fighting       | 4 6 8 9 10 12 14 15 16 17 18 | 18.5
Armour         | 4 5 7 8 9 10 11 13 14 15 16 17 18 | 18.1
Shields        | 4 5 7 8 9 10 11 13 14 15 16 17 18 | 18.2
Invocations    | 2 5 8 11 13 15 18 20 21 22 | 22.2
Throwing       | 3 6 |  6.0
Stealth        | 3 5 |  5.0
Dodging        | 2 4 5 7 9 10 | 10.0
Evocations     | 4 7 9 10 15 16 | 16.8

Action                   |  1- 3 |  4- 6 |  7- 9 | 10-12 | 13-15 | 16-18 | 19-21 | 22-24 || total
-------------------------+-------+-------+-------+-------+-------+-------+-------+-------++-------
Melee: War axe           |    82 |   113 |   357 |   152 |       |       |       |       ||   704
       Broad axe         |       |       |       |   609 |  1146 |  1263 |  1487 |   257 ||  4762
Throw: Dart              |       |       |       |     9 |    13 |       |       |       ||    22
Invok: Draw Destruction  |       |       |       |     2 |    25 |    14 |    30 |     4 ||    75
       Draw Summoning    |       |       |       |     1 |     4 |    16 |    18 |     1 ||    40
       Deal Four         |       |       |       |       |     1 |     7 |     3 |       ||    11
       Stack Five        |       |       |       |       |     1 |       |     2 |       ||     3
       Draw Stack        |       |       |       |       |       |     5 |     9 |     1 ||    15
       Triple Draw       |       |       |       |       |       |     2 |     3 |       ||     5
       Draw Escape       |       |       |       |       |       |     1 |     3 |       ||     4
Evoke: Wand              |       |       |       |     9 |     8 |     7 |     9 |     7 ||    40
       Lightning rod     |       |       |       |     3 |     7 |       |     5 |     3 ||    18
       Tin of tremorston |       |       |       |       |     2 |     6 |    11 |     4 ||    23
       Phantom mirror    |       |       |       |       |     1 |     1 |     1 |       ||     3
       Condenser vane    |       |       |       |       |       |     2 |     6 |     2 ||    10
       Phial of floods   |       |       |       |       |       |       |     1 |       ||     1
  Use: Scroll            |     3 |     6 |     4 |    12 |    12 |     6 |     6 |       ||    49
       Potion            |     2 |     1 |     3 |     4 |     6 |     5 |     8 |     4 ||    33
 Stab: Distracted        |       |       |     1 |     1 |     1 |     5 |     6 |       ||    14
       Petrified         |       |       |       |       |     1 |       |     1 |       ||     2
       Petrifying        |       |       |       |       |       |       |     1 |       ||     1
Armor: Scale mail        |    10 |       |       |       |       |       |       |       ||    10
       Plate armour      |    35 |    80 |   193 |   402 |    23 |       |       |       ||   733
       Crystal plate arm |       |       |       |       |   622 |   512 |   587 |   141 ||  1862
Dodge: Dodged            |    19 |    19 |    71 |   116 |   163 |   216 |   347 |    87 ||  1038
Block: Buckler           |    16 |    18 |    46 |       |       |       |       |       ||    80
       Kite shield       |       |       |    44 |   396 |   233 |       |       |       ||   673
       Tower shield      |       |       |       |       |   708 |  1509 |  1714 |   347 ||  4278
       Reflection        |       |       |       |       |       |    40 |       |       ||    40

Table legend: (Time is in decaauts)
 A = Elapsed time spent in this place.
 B = Non-inter-level travel time spent in this place.
 C = Inter-level travel time spent in this place.
 D = Time resting spent in this place.
 E = Time spent auto-exploring this place.
 F = Levels seen in this place.
 G = Mean time per level.
                   A        B        C        D        E       F      G
               +--------+--------+--------+--------+--------+-----+--------+
         Total |  43111 |  40059 |   3052 |   5445 |  23418 |  45 |  958.0 |
       Dungeon |  15606 |  14170 |   1436 |   1277 |   9818 |  15 | 1040.4 |
        Temple |     98 |     73 |     25 |      0 |     65 |   1 |   98.0 |
          Lair |   6829 |   5959 |    870 |    814 |   3684 |   6 | 1138.2 |
        Shoals |   6372 |   6183 |    189 |   1518 |   3130 |   4 | 1593.0 |
     Snake Pit |   4089 |   3895 |    194 |    352 |   2369 |   4 | 1022.2 |
    Slime Pits |    870 |    842 |     28 |     53 |    477 |   5 |  174.0 |
  Orcish Mines |   1385 |   1261 |    124 |     79 |    797 |   2 |  692.5 |
        Depths |   5696 |   5513 |    183 |   1054 |   2523 |   4 | 1424.0 |
         Sewer |    601 |    601 |      0 |    156 |    231 |   1 |  601.0 |
        Bailey |    420 |    420 |      0 |      8 |      0 |   1 |  420.0 |
      Ice Cave |    920 |    920 |      0 |    125 |    299 |   1 |  920.0 |
       Volcano |    221 |    221 |      0 |      7 |     22 |   1 |  221.0 |
               +--------+--------+--------+--------+--------+-----+--------+

Top non-repeatable levels by time:
Depths:3: 2119 daAuts
Shoals:4: 1772 daAuts
     D:5: 1718 daAuts
Shoals:1: 1707 daAuts
Shoals:2: 1538 daAuts
Depths:1: 1532 daAuts
  Lair:2: 1447 daAuts
  Lair:6: 1365 daAuts
    D:15: 1360 daAuts
Shoals:3: 1354 daAuts
 Snake:3: 1288 daAuts
     D:2: 1246 daAuts
    D:10: 1224 daAuts
  Lair:1: 1148 daAuts
Depths:4: 1109 daAuts
